 Dungeon Crawl Stone Soup version 0.23-a0-639-ga9a3373 (webtiles) character file.

92 Ereth the Poker (level 4, -1/41 HPs)
             Began as a Minotaur Berserker on Dec 29, 2018.
             Was a Believer of Trog.
             Killed from afar by Natasha (5 damage)
             ... with a magic dart
             ... on level 2 of the Dungeon.
             The game lasted 00:03:33 (1364 turns).

Ereth the Poker (Minotaur Berserker)                Turns: 1364, Time: 00:03:35

Health: -1/41      AC:  7    Str: 22    XL:     4   Next: 35%
Magic:  3/3        EV: 10    Int:  4    God:    Trog [**....]
Gold:   59         SH:  0    Dex: 10    Spells: 3/3 levels left

rFire    . . .     SeeInvis .   a - +0 spear
rCold    . . .     Gourm    .   (no shield)
rNeg     . . .     Faith    .   i - +0 scale mail
rPois    .         Spirit   .   (helmet restricted)
rElec    .         Reflect  .   (no cloak)
rCorr    .         Harm     .   (no gloves)
MR       .....                  h - +0 pair of boots
Stlth    ..........             (no amulet)
HPRegen  0.13/turn              (no ring)
MPRegen  0.08/turn              (no ring)

@: berserk cooldown, slowed, very slow
A: retaliatory headbutt, horns 2
a: Berserk, Trog's Hand, Renounce Religion


You were on level 2 of the Dungeon.
You worshipped Trog.
Trog was pleased with you.
You were not hungry.

You visited 1 branch of the dungeon, and saw 2 of its levels.

You collected 59 gold pieces.

Inventory:

Hand Weapons
 a - a +0 spear (weapon)
Missiles
 d - 23 arrows
 j - 6 tomahawks (quivered)
Armour
 b - a +0 animal skin
 h - a +0 pair of boots (worn)
 i - a +0 scale mail (worn)
Scrolls
 e - a scroll of magic mapping {unknown}
 f - 2 scrolls of identify
Potions
 c - 3 potions of heal wounds {unknown}
 k - a potion of resistance
Comestibles
 g - a ration


   Skills:
 + Level 4.6 Fighting
 + Level 5.2 Polearms
 + Level 2.7 Armour
 + Level 2.3 Dodging
 + Level 0.3 Stealth


You had 3 spell levels left.
You didn't know any spells.
Your spell library was empty.

Dungeon Overview and Level Annotations

Branches:
Dungeon (2/15)

Altars:

Annotations:
D:2 Natasha


Innate Abilities, Weirdness & Mutations

You reflexively headbutt those who attack you in melee.
You have a pair of horns on your head.


Message History

Natasha zaps a wand.
The puff of flame hits you!
Natasha mewls in sadness.
Natasha claws you.
You closely miss Natasha. You headbutt Natasha.
Natasha is moderately wounded.
Natasha claws you!
* * * LOW HITPOINT WARNING * * *
Natasha claws you.
* * * LOW HITPOINT WARNING * * *
Okay, then.
Okay, then.
Okay, then.
You hit Natasha. Your headbutt misses Natasha.
Natasha is heavily wounded.
Natasha closely misses you.
You hit Natasha.
Natasha is severely wounded.
Natasha stares at you and mumbles some strange words.
The magic dart hits you!
You die...

.# ##.# ## .####...
#.###.....#
#.#......# #
.#######.......# .#
≈.
........[.).#######.#
≈.
#######...)....#[...#
≈. #h.......#.#.# ≈≈
#@.......#..# #
#.###......## .# #.#
#..####.## .# #.#
#...# ##.#.#
#.###..#.###..#
#...>.........#
######....###.# #####
##.#.# .# ....# #.#.#
.#


You could see Natasha.

Vanquished Creatures
  Natasha (twice) (D:2)
  3 dart slugs (D:1)
  3 leopard geckos (D:1)
  A ball python (D:1)
  5 bats
  A giant cockroach (D:1)
  3 goblins (D:1)
  6 hobgoblins
  6 kobolds
  A frilled lizard (D:1)
  4 rats (D:1)
35 creatures vanquished.

Notes
Turn   | Place    | Note
-------+----------+-------------------------------------------
     0 | D:1      | Ereth the Minotaur Berserker began the quest for the Orb.
     0 | D:1      | Reached XP level 1. HP: 19/19 MP: 0/0
     6 | D:1      | Noticed a lindwurm
     6 | D:1      | Noticed an anaconda
     6 | D:1      | Noticed a rime drake
    44 | D:1      | Reached skill level 4 in Polearms
   249 | D:1      | Reached XP level 2. HP: 22/27 MP: 1/1
   579 | D:1      | Reached ** piety under Trog
   712 | D:1      | Reached XP level 3. HP: 34/34 MP: 2/2
  1086 | D:2      | Found a faded altar of an unknown god.
  1134 | D:2      | Noticed Natasha
  1143 | D:2      | Killed Natasha
  1327 | D:2      | Noticed Natasha
  1340 | D:2      | Killed Natasha
  1340 | D:2      | Reached skill level 5 in Polearms
  1340 | D:2      | Reached XP level 4. HP: 31/41 MP: 3/3
  1356 | D:2      | Noticed Natasha
  1364 | D:2      | Killed from afar by Natasha

Vault maps used:
D:1:      onia_arrival_zoo_common, serial_bayou_ford_a
D:2:      chequers_ecumenical_altar_island, uniq_sigmund, uniq_natasha

Skill      XL: |  1  2  3 |
---------------+----------+-----
Polearms       | 4 5 |  5.2
Fighting       | 4 |  4.6
Armour         | |  2.7
Dodging        | |  2.3
Stealth        | |  0.3

Action                   |  1- 3 |  4- 6 || total
-------------------------+-------+-------++-------
Melee: Spear             |    73 |     6 ||    79
       Headbutt          |     6 |     2 ||     8
Throw: Tomahawk          |     2 |       ||     2
Invok: Berserk           |     2 |       ||     2
  Use: Scroll            |     3 |       ||     3
  Eat: Ration            |     1 |       ||     1
       Chunk             |     1 |       ||     1
Armor: Animal skin       |     5 |       ||     5
       Scale mail        |    19 |     2 ||    21
Dodge: Dodged            |    44 |     2 ||    46

Table legend:
 A = Non-vault XP
 B = Vault XP
 C = Vault XP percentage of total XP
 D = Non-vault monster count
 E = Vault monster count
 F = Vault count percentage of total count
                 A         B        C        D         E       F
            +---------+---------+-------+---------+---------+-------
      Total |      97 |      35 |  26.5 |      34 |       1 |   2.9
            +---------+---------+-------+---------+---------+-------
        D:1 |      56 |       0 |   0.0 |      29 |       0 |   0.0
        D:2 |      41 |      35 |  46.1 |       5 |       1 |  16.7
            +---------+---------+-------+---------+---------+-------
